 Dungeon Crawl Stone Soup version 0.19-a0-607-g42021f0 (webtiles) character file.

75751 pk666 the Severer (level 15, -2/136 HPs)
             Began as a Minotaur Berserker on June 12, 2016.
             Was the Champion of Trog.
             Killed from afar by a raiju (16 damage)
             ... with a living lightning
             ... on level 2 of the Abyss.
             The game lasted 01:15:30 (20215 turns).

pk666 the Severer (Minotaur Berserker)             Turns: 20215, Time: 01:15:32

Health: -2/136     AC: 33    Str: 28    XL:     15   Next: 10%
Magic:  0/4        EV: 11    Int:  4    God:    Trog [******]
Gold:   1842       SH:  0    Dex: 10    Spells: 0 memorised, 14 levels left

rFire  . . .     SeeInvis .     M - +4 executioner's axe (antimagic)
rCold  + . .     Gourm    +     O - +5 plate armour {rPois}
rNeg   . . .     Faith    .     (shield currently unavailable)
rPois  +         Spirit   +     J - +0 hat {Spirit}
rElec  .         Dismiss  .     S - +2 cloak
rCorr  +         Reflect  .     F - +0 pair of gloves
SustAt .         Harm     .     L - +2 pair of boots {Fly}
MR     +....                    y - amulet of the gourmand
Stlth  ..........               I - ring of resist corrosion
                                e - ring of protection from cold

@: about to teleport, flying, very slightly contaminated, hasted, very quick,
somewhat resistant to hostile enchantments, extremely unstealthy
A: retaliatory headbutt, horns 2
a: Berserk, Trog's Hand, Brothers in Arms, Burn Spellbooks, Renounce Religion,
Stop Flying


You were on level 2 of the Abyss.
You worshipped Trog.
Trog was exalted by your worship.
You were very full.

You visited 3 branches of the dungeon, and saw 19 of its levels.
You visited the Abyss 1 time.
You also visited: Ice Cave.

You collected 2454 gold pieces.
You spent 612 gold pieces at shops.

Inventory:

Hand Weapons
 M - a +4 antimagic executioner's axe (weapon)
 Q - a +0 executioner's axe of chopping
 Y - a +2 battleaxe of freezing
Armour
 F - a +0 pair of gloves (worn)
 J - a +0 hat of spirit shield (worn)
 L - a +2 pair of boots of flying (worn)
 O - a +5 plate armour of poison resistance (worn)
 S - a +2 cloak (worn)
Jewellery
 e - a ring of protection from cold (left hand)
 y - an amulet of the gourmand (around neck)
 I - a ring of resist corrosion (right hand)
 X - an uncursed ring of protection from cold
Wands
 A - a wand of hasting (6/9)
 B - a wand of teleportation (2/9)
Scrolls
 b - 2 scrolls of recharging
 d - 4 scrolls of identify
 h - 2 scrolls of teleportation
 i - 5 scrolls of remove curse
 k - a scroll of fear {unknown}
 q - 3 scrolls of magic mapping
 v - a scroll of brand weapon {unknown}
 E - 2 scrolls of enchant armour
 K - a scroll of immolation {unknown}
 N - a scroll of vulnerability {unknown}
 Z - a scroll of enchant weapon
Potions
 f - a potion of berserk rage {unknown}
 l - a potion of lignification {unknown}
 m - a potion of haste {unknown}
 n - 2 potions of agility
 o - 2 potions of ambrosia
 u - 5 potions of curing
 x - 6 potions of brilliance
 z - 3 potions of invisibility
 C - a potion of magic {unknown}
 R - a potion of cancellation {unknown}
 V - a potion of experience {unknown}
 W - 2 potions of might {unknown}
Comestibles
 c - 13 bread rations
 g - 9 meat rations
 s - 10 beef jerkies
 t - 18 fruits
 w - 13 royal jellies
 G - 2 slices of pizza


   Skills:
 + Level 13.3 Fighting
 - Level 19.0 Axes
 - Level 19.0 Armour
 + Level 7.1 Dodging


You had 14 spell levels left.
You didn't know any spells.

Dungeon Overview and Level Annotations

Branches:
Dungeon (11/15)            Temple (0/1) D:4            Lair (6/6) D:10
 Shoals (0/4) Lair:3        Snake (0/4) Lair:4        Slime (0/5) Lair:5
    Orc (2/2) D:10            Elf (0/3) Orc:2

Altars:
Cheibriados
Fedhas
Hepliaklqana
Kikubaaqudgha
Makhleb
Okawaru
Pakellas
Ru
Trog
Xom
Yredelemnul
Zin
Jiyva

Shops:
D:8 =%**(   D:10 [(%!(   D:11 ?   Orc:1 :   Orc:2 %(([

Annotations:
D:11 Sonja


Innate Abilities, Weirdness & Mutations

You reflexively headbutt those who attack you in melee.
You have a pair of horns on your head.


Message History

The living lightning hits the raiju.
The raiju completely resists.
The living lightning hits you!
* * * LOW HITPOINT WARNING * * *
The raiju blinks!
Evoke which item? (* to show all) (? for menu, Esc to quit)
Zapping:
A - a wand of hasting {recharged} (will waste charges)
Press: ? - help, Shift-Dir - straight line, f - you You feel yourself speed up.
You are very lightly contaminated with residual magic.
Evoking this partially-identified wand wasted a few charges.
The ufetubus barely misses you. You furiously retaliate!
You headbutt the ufetubus.
The ufetubus hits you but does no damage.
The ufetubus hits you but does no damage.
The ufetubus barely misses you.
The raiju bursts into living lightning!
The living lightning hits the ufetubus.
The ufetubus dies!
The living lightning hits you!
You die...

.#####...##.#...#.
....#..*#......#.
# ......h.5.....
.....
..#.#.#.5..#.##
.#.. ##.X#.#*h#.##
## #....#hh#### .
# ..#........#
......Z.####
....#...@#
.##.######


You could see a large abomination, a raiju and an ice dragon skeleton.

Vanquished Creatures
  A tentacled starspawn (Abyss:2)
  Gastronok (Lair:1)
  A frost giant (IceCv)
  Josephine (D:11)
  An ice dragon (D:10)
  3 hydras (Lair:6)
  3 catoblepae
  9 death yaks
  A deep troll shaman (Lair:6)
  A queen ant (Lair:4)
  3 orc high priests (Orc:2)
  Nergalle (D:11)
  A hill giant (D:11)
  4 orc knights
  A lindwurm (Lair:6)
  5 orc sorcerers
  3 griffons
  12 black mambas
  Joseph (Lair:1)
  Maurice (D:11)
  6 elephants (Lair:6)
  An ice statue (IceCv)
  6 spiny frogs
  6 komodo dragons
  3 rime drakes
  2 ice devils (Lair:2)
  20 polar bears
  A troll (D:10)
  A queen bee (Lair:3)
  Grinder (D:4)
  A two-headed ogre (D:9)
  2 raiju (Abyss:2)
  4 blink frogs
  Sigmund (D:3)
  3 wraiths (D:11)
  68 yaks
  2 basilisks
  Eustachio (D:5)
  9 hippogriffs
  A wyvern (D:10)
  A steam dragon (Lair:2)
  A hungry ghost (D:8)
  2 mottled dragons
  Edmund (D:6)
  A warg (Orc:2)
  20 soldier ants (Lair:4)
  2 hell hounds (D:10)
  25 water moccasins
  9 porcupines
  A sky beast (D:10)
  19 orc warriors
  5 ice beasts
  9 ogres
  3 phantoms
  2 black bears
  3 necrophages
  3 centaurs
  36 wolves
  15 crocodiles
  14 giant frogs
  2 big kobolds
  A wyvern skeleton (D:10)
  2 scorpions
  30 killer bees
  9 wights
  3 electric eels (D:10)
  4 howler monkeys
  3 crimson imps
  A centaur zombie (D:8)
  2 giant frog zombies (D:7)
  3 jellies
  A quasit (D:8)
  10 hounds
  15 orc priests
  A gnoll shaman (D:5)
  14 orc wizards
  2 giant frog skeletons
  15 iguanas
  21 worker ants
  35 sheep
  2 hound skeletons
  8 gnolls
  9 adders
  29 river rats
  3 shadow imps
  An ooze (D:3)
  An adder zombie (D:7)
  4 adder skeletons
  6 worms
  2 dart slugs
  7 giant geckos
  58 orcs
  4 giant cockroaches
  13 goblins
  8 hobgoblins
  9 jackals
  3 quokkas
  A ball python (D:7)
  9 bats
  8 giant newts
  2 gnoll zombies (D:2)
  A jackal skeleton (D:4)
  11 kobolds
  9 rats
  6 fungi
  4 plants
757 creatures vanquished.

Vanquished Creatures (collateral kills)
  An orc knight (Orc:1)
1 creature vanquished.

Vanquished Creatures (others)
  An orc (D:10)
  9 fungi
  7 plants
  20 starspawn tentacles (Abyss:2)
  254 starspawn tentacle segments (Abyss:2)
291 creatures vanquished.

Grand Total: 1049 creatures vanquished

Notes
Turn   | Place    | Note
--------------------------------------------------------------
     0 | D:1      | pk666 the Minotaur Berserker began the quest for the Orb.
     0 | D:1      | Reached XP level 1. HP: 19/19 MP: 0/0
   183 | D:1      | Reached XP level 2. HP: 24/27 MP: 1/1
   694 | D:2      | Reached ** piety under Trog
   694 | D:2      | Reached XP level 3. HP: 31/33 MP: 2/2
  1093 | D:2      | Found a basalt altar of Yredelemnul.
  1326 | D:2      | Reached XP level 4. HP: 32/41 MP: 3/3
  1509 | D:3      | Noticed Sigmund
  1521 | D:3      | Killed Sigmund
  1521 | D:3      | Reached skill level 5 in Fighting
  1521 | D:3      | Reached skill level 5 in Axes
  1521 | D:3      | Reached XP level 5. HP: 48/48 MP: 4/4
  1586 | D:3      | Found a snail-covered altar of Cheibriados.
  1616 | D:3      | Reached XP level 6. HP: 55/56 MP: 5/5
  1701 | D:3      | Found a blossoming altar of Fedhas.
  1711 | D:3      | Reached *** piety under Trog
  2070 | D:4      | Noticed an orc warrior
  2080 | D:4      | Killed an orc warrior
  2080 | D:4      | Reached skill level 5 in Armour
  2455 | D:4      | Reached XP level 7. HP: 61/61 MP: 6/6
  2624 | D:4      | Found a shimmering altar of Xom.
  2642 | D:4      | Found a glowing silver altar of Zin.
  2647 | D:4      | Found an ancient bone altar of Kikubaaqudgha.
  2647 | D:4      | Found a bloodstained altar of Trog.
  2698 | D:4      | Noticed Grinder
  2702 | D:4      | Killed Grinder
  2702 | D:4      | Reached skill level 5 in Dodging
  2908 | D:4      | Found a staircase to the Ecumenical Temple.
  2931 | D:5      | Entered Level 5 of the Dungeon
  2985 | D:5      | Found a hazy altar of Hepliaklqana.
  3050 | D:5      | Noticed Eustachio
  3060 | D:5      | Killed Eustachio
  3060 | D:5      | Reached **** piety under Trog
  3060 | D:5      | Reached XP level 8. HP: 71/71 MP: 7/7
  3790 | D:6      | Noticed Edmund
  3796 | D:6      | Killed Edmund
  3931 | D:6      | Reached XP level 9. HP: 74/81 MP: 8/8
  4072 | D:7      | Found an iron altar of Okawaru.
  4119 | D:7      | Reached ***** piety under Trog
  4354 | D:7      | Found an oddly glowing altar of Pakellas.
  4645 | D:7      | Received a gift from Trog
  4759 | D:8      | Found Finuadah's Weapon Shoppe.
  4994 | D:8      | Found Jebops's Assorted Antiques.
  5096 | D:8      | Found Tiqaap's Food Boutique.
  5126 | D:8      | Found a hazy altar of Hepliaklqana.
  5196 | D:8      | Found Xatac's Jewellery Shoppe.
  5239 | D:8      | Found Kehon's Assorted Antiques.
  5245 | D:8      | Bought a pair of embroidered boots for 108 gold pieces
  5724 | D:8      | Reached skill level 10 in Axes
  5766 | D:8      | Found a burning altar of Makhleb.
  6068 | D:9      | Reached XP level 10. HP: 92/92 MP: 9/9
  6083 | D:9      | Found a sacrificial altar of Ru.
  6141 | D:9      | Reached skill level 10 in Fighting
  6141 | D:9      | Reached skill level 10 in Armour
  6788 | D:10     | Entered Level 10 of the Dungeon
  7258 | D:10     | Found a staircase to the Lair.
  7436 | D:10     | Found Qicwa's Armour Boutique.
  7531 | D:10     | Found Raar's Antique Weapon Shop.
  7538 | D:10     | Found Uloqoim's Food Shop.
  7572 | D:10     | Found Ecleh's Distillery.
  7640 | D:10     | Found Emmoegea's Weapon Shop.
  7732 | D:10     | Noticed an ice dragon
  7743 | D:10     | Killed an ice dragon
  7743 | D:10     | Reached XP level 11. HP: 87/103 MP: 10/10
  7995 | D:10     | Bought a +3 plate armour of poison resistance for 504 gold pieces
  8103 | D:10     | Found a staircase to the Orcish Mines.
  8298 | D:10     | Reached ****** piety under Trog
  8516 | Lair:1   | Entered Level 1 of the Lair of Beasts
  8577 | Lair:1   | Noticed Gastronok
  8588 | Lair:1   | Killed Gastronok
  8700 | Lair:1   | Received a gift from Trog
  8841 | Lair:1   | Noticed Joseph
  8858 | Lair:1   | Killed Joseph
  9702 | Lair:2   | Reached XP level 12. HP: 100/113 MP: 2/11
  9714 | Lair:2   | Found a frozen archway.
  9747 | IceCv    | Entered an ice cave
  9970 | IceCv    | Received a gift from Trog
 10650 | IceCv    | Reached skill level 15 in Axes
 10667 | IceCv    | Noticed a frost giant
 10672 | IceCv    | Killed a frost giant
 10672 | IceCv    | Reached skill level 15 in Armour
 11538 | Lair:2   | Reached XP level 13. HP: 84/119 MP: 4/12
 12866 | Lair:3   | Found a staircase to the Shoals.
 13306 | Lair:3   | Received a gift from Trog
 14037 | Lair:4   | Received a gift from Trog
 14110 | Lair:4   | Found a staircase to the Snake Pit.
 15524 | Lair:5   | Received a gift from Trog
 15590 | Lair:5   | Found a viscous altar of Jiyva.
 15591 | Lair:5   | Found a staircase to the Slime Pits.
 15727 | Lair:5   | Reached XP level 14. HP: 102/127 MP: 3/13
 16649 | Lair:6   | Entered Level 6 of the Lair of Beasts
 16854 | Lair:6   | Received a gift from Trog
 18073 | Orc:1    | Entered Level 1 of the Orcish Mines
 18073 | Orc:1    | Found Kuerr's Book Emporium.
 18259 | Orc:2    | Entered Level 2 of the Orcish Mines
 18362 | Orc:2    | Found a staircase to the Elven Halls.
 18376 | Orc:2    | Received a gift from Trog
 18709 | Orc:2    | Found Cenirch's Antique Weapon Boutique.
 18709 | Orc:2    | Found Ronaecakh's Book Emporium.
 18711 | Orc:2    | Found Gecroifirgh's Weapon Boutique.
 18711 | Orc:2    | Found Basuc's Armour Emporium.
 18800 | Orc:2    | Found Cahutiawk's Food Emporium.
 19373 | D:11     | Received a gift from Trog
 19543 | D:11     | Noticed Maurice
 19548 | D:11     | Killed Maurice
 19709 | D:11     | Noticed Josephine
 19717 | D:11     | Killed Josephine
 19717 | D:11     | Reached XP level 15. HP: 134/134 MP: 3/14
 19828 | D:11     | Found Iffysopo's Magic Scroll Boutique.
 19842 | D:11     | Noticed Nergalle
 19847 | D:11     | Killed Nergalle
 19870 | D:11     | Noticed Sonja
 19926 | D:11     | Cast into level 2 of the Abyss (Sonja)
 19926 | Abyss:2  | Found a corrupted altar of Lugonu.
 19958 | Abyss:2  | Noticed a tentacled starspawn
 19965 | Abyss:2  | Noticed a tentacled starspawn
 19971 | Abyss:2  | Found a corrupted altar of Lugonu.
 20024 | Abyss:2  | Killed a tentacled starspawn
 20028 | Abyss:2  | Noticed an Executioner
 20215 | Abyss:2  | Killed from afar by a raiju

Vault maps used:
D:1:      zelgadis_glass_arrival_small, kennysheep_flooded_box
D:2:      lemuel_zombie_altar_yredelemnul
D:3:      corexii_shack_village, fedhas_altar_fruit_tree,
          kennysheep_slug_shrine, uniq_sigmund
D:4:      grunt_temple_overflow_open, temple_doors_a, uniq_grinder
D:5:      kennysheep_mini_moat, first_bread, uniq_eustachio
D:6:      uniq_edmund
D:7:      nicolae_overflow_crystal_walls, kennysheep_mini, grunt_ogre_cave
D:8:      serial_shops, nicolae_shop_trees, shop, shop, nicolae_shop_trees,
          nicolae_shop_stone, basic_altar, makhleb_blood_cavern_becter
D:9:      lemuel_coloured_pillars_altar
D:10:     dragon1_lemuel, minmay_lair_entry_lava, erik_orc_2, serial_shops,
          shop_fountains, kennysheep_little_box, shop, shop, shop
D:11:     serial_shops, shop, uniq_nergalle, uniq_maurice, uniq_sonja,
          uniq_josephine
Lair:1:   guppyfry_lair_drakes, uniq_gastronok, uniq_joseph
Lair:2:   portal_ice_cave_demonic_guard, st_stairs_3, grunt_megastairs_5
Lair:3:   elwin_shoals_entry_rocks, special_room, bobbens_dragon_lair_wall
Lair:4:   minmay_snake_entry_six_corridors, minivault_29
Lair:5:   slime_altar_1, grunt_megastairs_1, lemuel_fruit_fields
Lair:6:   grunt_lair_end_beastmaster, grunt_megastairs_3
Orc:1:    serial_shops, shop
Orc:2:    grunt_orc_tribal_feast, serial_shops, shop_fountains
Abyss:2:  hangedman_decor_points
IceCv:    ice_cave_caverns_01

Skill      XL: |  1  2  3  4  5  6  7  8  9 10 11 12 13 14 15 |
---------------+----------------------------------------------+-----
Fighting       | 4 5 6 7 9 11 12 13 | 13.3
Armour         | 3 4 5 6 7 9 11 13 15 17 19 | 19.0
Axes           | 4 5 6 8 10 11 13 15 17 19 | 19.0
Dodging        | 3 4 5 6 7 |  7.1

Action                   |  1- 3 |  4- 6 |  7- 9 | 10-12 | 13-15 || total
-------------------------+-------+-------+-------+-------+-------++-------
Melee: Hand axe          |   113 |    94 |   173 |       |       ||   380
       Headbutt          |    16 |    24 |    65 |   103 |   150 ||   358
       War axe           |       |       |   124 |   242 |       ||   366
       Executioner's axe |       |       |       |   302 |   668 ||   970
Invok: Berserk           |       |     2 |     7 |     8 |    15 ||    32
       Burn Spellbooks   |       |       |       |     1 |     4 ||     5
       Trog's Hand       |       |       |       |       |     1 ||     1
       Brothers in Arms  |       |       |       |       |     1 ||     1
Evoke: Wand              |       |       |       |       |     1 ||     1
  Use: Scroll            |       |       |     9 |     4 |    17 ||    30
       Potion            |       |       |       |       |     4 ||     4
 Stab: Sleeping          |     1 |       |       |       |       ||     1
       Petrified         |       |       |       |       |     2 ||     2
  Eat: Chunk             |     1 |     4 |    33 |    32 |    44 ||   114
       Beef jerky        |       |     1 |       |       |       ||     1
Armor: Animal skin       |    12 |       |       |       |       ||    12
       Chain mail        |    36 |    47 |    78 |       |       ||   161
       Plate armour      |       |       |    64 |   477 |   567 ||  1108
Dodge: Dodged            |    67 |    49 |   153 |   358 |   462 ||  1089
